AoeStats
← Barón de la Cerveza

Runestones

508344513Analyzed
1v1 RM · 10d ago on Sep 22, 2026· 58m 52s· 2 players
Game mode
Random Map
Map size
Tiny (2 player)
Population
200
Speed
Normal
Resources
Standard
Victory
Conquest
Starting age
Dark Age
Ending age
Imperial Age
RankedLock teamsTeams togetherTeam positionsShared explorationLock speedFull tech treeHidden civsTurbo modeCheats
Victory
Defeat
🇩🇪 Aztecs · Germany
1717
+24
🇲🇽 Koreans · Mexico
1899
-24
Barón de la Cerveza
6:32 Loom
6:38 Loom
9:17 Feudal Age
14:39 Double-Bit Axe
19:26 Castle Age
17:16 Horse Collar
18:03 Scale Mail Armor
19:07 Forging
19:41 Gold Mining
20:25 Chain Mail Armor
21:08 Squires
23:18 Bow Saw
25:13 Wheelbarrow
33:27 Imperial Age
35:10 Two-Man Saw
34:23 Fletching
35:04 Plate Mail Armor
35:48 Chemistry
35:35 Bodkin Arrow
35:28 Elite Skirmisher
36:42 Bracer
37:14 Ballistics
37:38 Thumb Ring
38:36 Crossbowman
40:36 Plate Mail Armor
40:05 Man-at-Arms
40:30 Gambesons
40:59 Long Swordsman
43:55 Iron Casting
43:11 Pikeman
44:10 Two-Handed Swordsman
47:58 Conscription
47:38 Eupseong
48:46 Halberdier
48:46 Champion
54:33 Light Cavalry
56:04 Scale Barding Armor
56:00 Hussar
58:16 Husbandry
58:43 Chain Barding Armor
ExequielPalacios25
7:34 Loom
11:44 Feudal Age
12:15 Double-Bit Axe
16:29 Wheelbarrow
19:09 Castle Age
17:04 Fletching
17:11 Horse Collar
17:34 Gold Mining
18:28 Padded Archer Armor
19:50 Bodkin Arrow
19:16 Elite Skirmisher
20:47 Bow Saw
24:24 Stone Mining
25:11 Redemption
25:25 Sanctity
25:27 Leather Archer Armor
29:09 Guard Tower
32:08 Imperial Age
30:18 Town Watch
30:56 Hand Cart
31:11 Heavy Plow
32:56 Bracer
35:08 Chemistry
35:58 Ballistics
36:49 Block Printing
39:40 Fervor
39:54 Atlatl
43:06 Squires
44:37 Illumination
45:16 Scale Mail Armor
45:54 Forging
45:51 Squires
46:34 Chain Mail Armor
48:05 Plate Mail Armor
48:24 Forging
49:21 Garland Wars
51:36 Iron Casting
52:12 Town Watch
55:12 Crop Rotation
54:14 Elite Jaguar Warrior
55:27 Conscription
57:48 Siege Engineers
57:24 Treadmill Crane
59:37 Blast Furnace
Connection lost

Rejoining the realm…

Still unreachable

The connection could not be restored.

Session expired

The server has moved on; the page needs a fresh start.